 Dungeon Crawl Stone Soup version 0.31-a0-182-gc5ef74bbde (webtiles) character file.

Game seed: 1381848632624839500

781 Moral the Sneak (level 7, -3/62 HPs)
             Began as a Naga Ice Elementalist on June 21, 2023.
             Slain by Duvessa
             ... wielding a +0 short sword
              (9 damage)
             ... on level 4 of the Dungeon.
             The game lasted 00:13:52 (4049 turns).

Moral the Sneak (Naga Ice Elementalist)             Turns: 4049, Time: 00:13:53

Health: -3/62      AC: 13    Str:  7    XL:     7   Next: 85%
Magic:  5/12       EV: 10    Int: 24    God:
Gold:   193        SH:  0    Dex: 11    Spells: 6/13 levels left

rFire   . . .        s - +7 hand axe of Conformity {flame, rPois rF+ rN++ Str-3}
rCold   + . .        (no shield)
rNeg    + + .        a - +0 robe
rPois   +            (no helmet)
rElec   .            (no cloak)
rCorr   .            q - +0 pair of gloves
SInv    +            (no barding)
Will    .....        (no amulet)
Stlth   +++          i - +6 ring of intelligence
HPRegen 0.30/turn    o - ring of ice
MPRegen 0.13/turn

%: no passive effects
@: ice-armoured, short of breath, freezing walls, very slow
A: AC +2, large, see invisible, deformed body, poison resistance, slowness 2,
spit poison 1, naga tail 1
a: Spit Poison


You were on level 4 of the Dungeon.
You visited 1 branch of the dungeon, and saw 4 of its levels.

You collected 193 gold pieces.

Inventory:

Hand Weapons
 s - the +7 hand axe of Conformity (weapon) {flame, rPois rF+ rN++ Str-3}
   (You found it on level 3 of the Dungeon)

   Str:       It affects your strength (-3).
   rF:        It protects you from fire.
   rPois:     It protects you from poison.
   rN:        It greatly protects you from negative energy.
Armour
 a - a +0 robe (worn)
 q - a +0 pair of gloves (worn)
Jewellery
 i - a +6 ring of intelligence (left hand)
 o - a ring of ice (right hand)
Wands
 p - a wand of roots (5)
Scrolls
 d - a scroll of revelation
 e - 3 scrolls of identify
 g - a scroll of enchant weapon
 l - 2 scrolls of brand weapon
 m - a scroll of poison
 r - a scroll of amnesia {unknown}
Potions
 b - a potion of magic
 c - a potion of lignification {unknown}
 f - a potion of berserk rage {unknown}
 j - 2 potions of curing
 k - 2 potions of mutation {unknown}
 n - a potion of ambrosia {unknown}


   Skills:
 + Level 3.4 Fighting
 + Level 3.4 Dodging
 + Level 6.7 Stealth
 + Level 3.9 Spellcasting
 + Level 5.5 Ice Magic


You had 6 spell levels left.
You knew the following spells:

 Your Spells              Type           Power      Damage    Failure   Level
a - Freeze                Ice            100%       1d10      1%          1
b - Frozen Ramparts       Ice            92%        1d14      3%          3
c - Ozocubu's Armour      Ice            46%        N/A       3%          3

Your spell library contained the following spells:

 Spells                   Type           Power      Damage    Failure   Level
 Kiss of Death            Conj/Necr      16%        2d6       10%         1
 Hailstorm                Conj/Ice       26%        3d7       10%         3
 Cigotuvi's Dreadful Rot  Necr/Pois/Air  8%         N/A       16%         2
 Sublimation of Blood     Necr           4%         N/A       16%         2
 Ignite Poison            Fire/Tmut/Pois 4%         N/A       30%         3
 Inner Flame              Hex/Fire       4%         N/A       30%         3
 Summon Ice Beast         Ice/Summ       26%        N/A       32%         4
 Flame Wave               Conj/Fire      4%         2d5       69%         4
 Sticky Flame             Conj/Fire      4%         2d3       69%         4
 Freezing Cloud           Conj/Ice/Air   10%        6-21      78%         5
 Agony                    Necr           4%         N/A       95%         5
 Polar Vortex             Ice            23%        N/A       100%        9


Dungeon Overview and Level Annotations

Branches:
Dungeon (4/15)
 Temple: D:4-7

Altars:
Qazlal
Sif Muna
Zin

Annotations:
D:4 Duvessa


Innate Abilities, Weirdness & Mutations

Your serpentine skin is tough. (AC +2)
You have supernaturally acute eyesight. (SInv)
Armour fits poorly on your strangely shaped body.
Your system is resistant to poisons. (rPois)
You cover ground very slowly.
You can spit poison.
You have a snake-like lower body.


Message History

Duvessa hits you but does no damage.
Casting: Ozocubu's Armour (dangerous; 3% risk of failure)
Confirm with . or Enter, or press ? or * to list all spells.
Casting: Frozen Ramparts (dangerous; 3% risk of failure)
Press: ? - help, Dir - look around, f - activate You feel a surge of power!
The walls around you are covered in ice.
The wall freezes Duvessa but does no damage.
Duvessa hits you with a +0 short sword.
* * * LOW HITPOINT WARNING * * *
Duvessa resists.
The wall freezes Duvessa.
Duvessa hits you but does no damage.
You hit Duvessa. You burn Duvessa.
Duvessa is heavily wounded.
Duvessa completely resists.
The wall freezes Duvessa but does no damage.
Duvessa hits you with a +0 short sword.
* * * LOW HITPOINT WARNING * * *
Duvessa resists.
The wall freezes Duvessa.
Duvessa hits you with a +0 short sword!
* * * LOW HITPOINT WARNING * * *
As you read the scroll labelled YTAGHAR URISAI, it crumbles to dust.
It is a scroll of brand weapon.
You aren't carrying any weapons that can be branded.
The wall freezes Duvessa but does no damage.
Duvessa hits you but does no damage.
As you read the scroll labelled IBOOSY KOCAJAH, it crumbles to dust.
It is a scroll of enchant weapon.
You aren't carrying any weapons that can be enchanted.
Duvessa looks more healthy.
The wall freezes Duvessa but does no damage.
Duvessa hits you but does no damage.
Duvessa resists.
The wall freezes Duvessa.
Duvessa misses you.
Aiming: Spit Poison (1% risk of failure)
Press: ? - help, Shift-Dir - straight line, f - Duvessa
Aim: Duvessa, wielding a +0 short sword and wearing a +3 scale mail of cold resistance (severely wounded, berserk, 70% to hit)
The splash of poison hits Duvessa.
Duvessa is severely wounded.
The wall freezes Duvessa but does no damage.
Duvessa hits you with a +0 short sword!
You die...

##...########...#########)#.###.≈
.....# #...########...)..#..
##...# #.........#..)..#..##
##.## #...#####.##..)##### #.#
###...#####.###.### ..#
#........##.#.....####
....#....#.##.#.#......##
###.###..#.##.#.#..###.##
.......@.))).#.#..# #.#.
##.##.#e#)####.##.###..# #.#.#.#
#.....)..#. ....# # ###########
##.... # ..## #. ..


You could see Duvessa (berserk).

Vanquished Creatures
  Sigmund (D:4)
  A black bear (D:4)
  Dowan (D:4)
  A jelly (D:4)
  An orc priest (D:4)
  2 hounds (D:4)
  A sleepcap (D:4)
  Natasha (thrice) (D:3)
  3 orc wizards
  3 gnolls (D:4)
  7 adders
  A worm (D:3)
  A dart slug (D:2)
  15 orcs
  6 endoplasms
  3 giant cockroaches
  3 goblins
  5 hobgoblins
  6 jackals (D:2)
  8 kobolds
  9 ball pythons
  9 bats
  5 frilled lizards
  6 rats
101 creatures vanquished.

Notes
Turn   | Place    | Note
-------+----------+-------------------------------------------
     0 | D:1      | Moral the Naga Ice Elementalist began the quest for the
                  | Orb.
     0 | D:1      | Reached XP level 1. HP: 15/15 MP: 3/3
   313 | D:1      | Reached XP level 2. HP: 22/22 MP: 3/5
  1149 | D:2      | Reached XP level 3. HP: 30/30 MP: 4/6
  1286 | D:2      | Learned a level 3 spell: Frozen Ramparts
  1413 | D:2      | Reached skill level 1 in Fighting
  1560 | D:2      | Reached skill level 4 in Stealth
  1622 | D:2      | Reached XP level 4. HP: 38/38 MP: 5/7
  2131 | D:2      | Got Yffy's Thoughts on the Frostbound Cemetery
  2328 | D:3      | Learned a level 3 spell: Ozocubu's Armour
  2372 | D:3      | Found a glowing silver altar of Zin.
  2386 | D:3      | Reached XP level 5. HP: 44/44 MP: 5/8
  2556 | D:3      | Found a shimmering blue altar of Sif Muna.
  2681 | D:3      | Identified the +7 hand axe of Conformity {flame, rPois rF+
                  | rN++ Str-3}
  2701 | D:3      | Noticed Natasha
  2706 | D:3      | Killed Natasha
  2779 | D:3      | Noticed Natasha
  2788 | D:3      | Killed Natasha
  2864 | D:3      | Noticed Natasha
  2974 | D:3      | Killed Natasha
  2975 | D:3      | Reached skill level 5 in Stealth
  2978 | D:3      | Reached XP level 6. HP: 51/52 MP: 6/10
  3232 | D:4      | Noticed Sigmund
  3235 | D:4      | Killed Sigmund
  3236 | D:4      | Reached skill level 5 in Ice Magic
  3297 | D:4      | Found a stormy altar of Qazlal.
  3337 | D:4      | Reached XP level 7. HP: 57/61 MP: 8/12
  3524 | D:4      | Reached skill level 6 in Stealth
  3814 | D:4      | Noticed Dowan
  3821 | D:4      | Noticed Duvessa
  3823 | D:4      | Killed Dowan
  3835 | D:4      | HP: 2/62 [Duvessa/+0 short sword (2)]
  4049 | D:4      | Slain by Duvessa

Illustrated notes

Levels and vault maps discovered:
D:1:      wander_arrival_chamber, layout_loops_corners, minmay_misc_feat_cross,
          minmay_domino_4
D:2:      minmay_wonky_spiral, layout_basic, serial_glass, glass_columns_c,
          glass_columns_c, grunt_decor_one_mirror
D:3:      layout_basic, nicolae_sif_muna_condensation, lemuel_round_altar,
          uniq_natasha
D:4:      layout_loops_cross, mainiacjoe_overflow_paths, uniq_sigmund,
          uniq_duvessa

Skill      XL: |  1  2  3  4  5  6  7 |
---------------+----------------------+-----
Dodging        | 2 3 |  3.4
Fighting       | 1 2 3 |  3.4
Stealth        | 4 5 6 |  6.7
Spellcasting   | 3 |  3.9
Ice Magic      | 5 |  5.5

Action                     |  1- 3 |  4- 6 |  7- 9 || total
---------------------------+-------+-------+-------++-------
  Melee: Unarmed           |    10 |       |       ||    10
         Spear             |    22 |    28 |       ||    50
         Punch             |     1 |       |     1 ||     2
         Hand axe          |       |    28 |    25 ||    53
   Cast: Freeze            |    35 |    19 |    12 ||    66
         Frozen Ramparts   |     3 |     8 |     9 ||    20
         Ozocubu's Armour  |       |     1 |     4 ||     5
Ability: Spit Poison       |     5 |     7 |     9 ||    21
    Use: Scroll            |     1 |       |     4 ||     5
         Potion            |       |       |     3 ||     3
   Stab: Sleeping          |       |     6 |     3 ||     9
         Distracted        |       |     2 |       ||     2
 Armour: Robe              |     8 |    16 |    17 ||    41
  Dodge: Dodged            |    36 |    46 |    24 ||   106

Table legend: (Time is in decaauts)
 A = Elapsed time spent in this place.
 B = Non-inter-level travel time spent in this place.
 C = Inter-level travel time spent in this place.
 D = Time resting spent in this place.
 E = Time spent auto-exploring this place.
 F = Levels seen in this place.
 G = Mean time per level.
                   A        B        C        D        E       F      G
               +--------+--------+--------+--------+--------+-----+--------+
         Total |   5044 |   4945 |     99 |    235 |   3842 |   4 | 1261.0 |
       Dungeon |   5044 |   4945 |     99 |    235 |   3842 |   4 | 1261.0 |
               +--------+--------+--------+--------+--------+-----+--------+

Top non-repeatable levels by time:
     D:2: 1501 daAuts
     D:1: 1363 daAuts
     D:3: 1212 daAuts
     D:4: 966 daAuts
